 Dungeon Crawl Stone Soup version 0.31-a0-654-gbe3e110b4e (webtiles) character file.

Game seed: 13226770731984464088

8512 thirtiethelement the Reanimator (level 11, 0/74 HPs)
             Began as a Demonspawn Necromancer on Aug 29, 2023.
             Was a Believer of Cheibriados.
             Slain by a two-headed ogre
             ... wielding a +0 giant spiked club
              (17 damage)
             ... on level 11 of the Dungeon on Aug 30, 2023.
             The game lasted 00:38:23 (9635 turns).

thirtiethelement the Reanimator (DsNe)              Turns: 9635, Time: 00:38:25

Health: 0/74       AC:  8    Str: 19    XL:     11   Next: 10%
Magic:  12/24      EV: 13    Int: 23    God:    Cheibriados [**....]
Gold:   1407       SH:  0    Dex: 24    Spells: 15/28 levels left

rFire   x . .        D - +2 dagger (protect)
rCold   . . .        (no shield)
rNeg    . . .        N - +1 leather armour "Dotim" {rPois rF- Dex+2 SInv}
rPois   +            a - +2 helmet
rElec   .            (no cloak)
rCorr   .            j - +0 pair of gloves
SInv    +            (no boots)
Will    .....        Q - amulet of magic regeneration
Stlth   +++++        C - ring of wizardry
HPRegen 0.32/turn    f - +6 ring of strength
MPRegen 0.59/turn

%: wizardry (x1)
@: very slow
A: demonic magic 3, weakness stinger 1
a: Renounce Religion, Bend Time


You were on level 11 of the Dungeon.
You worshipped Cheibriados.
Cheibriados was pleased with you.
You visited 2 branches of the dungeon, and saw 12 of its levels.
You also visited: Ossuary and Bailey.

You collected 1407 gold pieces.

Inventory:

Hand Weapons
 p - a +0 short sword of distortion
 D - a +2 dagger of protection (weapon)
 L - a +4 dagger of freezing
 T - the +3 long sword "Demonbane" {heavy, *Corrode Fly rC+ Stlth+}
   (You found it on level 10 of the Dungeon)

   rC+:       It protects you from cold.
   Fly:       It grants you flight.
   *Corrode:  It may corrode you when you take damage.
   Stlth+:    It makes you more stealthy.
Missiles
 y - 14 poisoned darts
Armour
 a - a +2 helmet (worn)
 j - a +0 pair of gloves (worn)
 n - +0 steam dragon scales
 N - the +1 leather armour "Dotim" (worn) {rPois rF- Dex+2 SInv}
   (You found it on level 9 of the Dungeon)

   Dex+2:     It affects your dexterity (+2).
   rF-:       It makes you vulnerable to fire.
   rPois:     It protects you from poison SInv: It lets you see invisible.
 O - the +9 chain mail of the Cicada {Slay+2}
   (You found it on level 9 of the Dungeon)

   Slay+2:    It affects your accuracy & damage with ranged weapons and melee
   (+2).
Jewellery
 c - the brooch of Shielding {Spirit SH+8}
   (You found it on level 6 of the Dungeon)

   [amulet of guardian spirit]

   Spirit:    It causes incoming damage to be divided between your reserves of
   health and magic.
   SH+8:      It affects your SH (+8).
 f - a +6 ring of strength (right hand)
 C - a ring of wizardry (left hand)
 Q - an amulet of magic regeneration (around neck)
 R - a ring of see invisible
 U - a ring of resist corrosion
 V - the amulet "Axtoeri" {Acrobat rN+ Dex+3}
   (You found it on level 11 of the Dungeon)

   [amulet of the acrobat]

   Acrobat:   It increases your evasion while moving and waiting.
   Dex+3:     It affects your dexterity (+3).
   rN+:       It protects you from negative energy.
Wands
 d - a wand of mindburst (12)
 r - a wand of flame (30)
 z - a wand of polymorph (13)
 G - a wand of roots (6)
 H - a wand of charming (11)
Scrolls
 b - a scroll of revelation
 g - 4 scrolls of amnesia
 k - 2 scrolls of blinking
 m - 2 scrolls of teleportation
 o - 2 scrolls of enchant weapon
 s - a scroll of fear
 w - 2 scrolls of enchant armour
 A - 2 scrolls of poison
 E - a scroll of silence
 I - a scroll of immolation
 S - a scroll of summoning
 W - a scroll of identify
Potions
 e - a potion of ambrosia
 h - 2 potions of might
 i - 6 potions of curing
 l - 2 potions of lignification {unknown}
 q - a potion of experience {unknown}
 t - 3 potions of attraction {unknown}
 u - 2 potions of brilliance {unknown}
 v - 2 potions of mutation {unknown}
 x - 2 potions of invisibility {unknown}
 B - 2 potions of berserk rage
 F - 7 potions of enlightenment
 J - 2 potions of resistance {unknown}
 K - a potion of haste
 M - 2 potions of heal wounds {unknown}
 P - a potion of magic


   Skills:
 + Level 2.7 Fighting
 + Level 3.6 Short Blades
 + Level 2.5 Armour
 + Level 2.9 Dodging
 + Level 9.4 Stealth
 + Level 1.4 Shields
 + Level 9.3 Spellcasting
 + Level 9.6 Necromancy
 + Level 2.4 Ice Magic
 + Level 0.5 Invocations


You had 15 spell levels left.
You knew the following spells:

 Your Spells              Type           Power      Damage    Failure   Level
a - Necrotise             Necr           100%       1d9       1%          1
b - Vampiric Draining     Necr           53%        2d9       1%          3
c - Freeze                Ice            88%        1d9       1%          1
d - Confusing Touch       Hex            10%        N/A       9%          3
e - Slow                  Hex            40%        N/A       3%          1
f - Animate Dead          Necr           53%        N/A       1%          4

Your spell library contained the following spells:

 Spells                   Type           Power      Damage    Failure   Level
 Agony                    Necr           53%        N/A       1%          5
 Apportation              Tloc           20%        N/A       3%          1
 Summon Small Mammal      Summ           40%        N/A       3%          1
 Frozen Ramparts          Ice            44%        1d7       3%          3
 Ozocubu's Armour         Ice            22%        N/A       3%          3
 Hailstorm                Conj/Ice       16%        3d6       5%          3
 Inner Flame              Hex/Fire       10%        N/A       9%          3
 Tukima's Dance           Hex            10%        N/A       9%          3
 Flame Wave               Conj/Fire      10%        2d6       28%         4
 Passage of Golubria      Tloc           10%        N/A       28%         4
 Sticky Flame             Conj/Fire      10%        2d3       28%         4
 Simulacrum               Ice/Necr       19%        N/A       34%         6
 Metabolic Englaciation   Hex/Ice        8%         N/A       43%         5
 Yara's Violent Unravell  Hex/Tmut       5%         3d4       58%         5


Dungeon Overview and Level Annotations

Branches:
Dungeon (11/15)            Temple (1/1) D:7            Lair (0/5) D:9
    Orc (0/2) D:9         Ossuary (visited)          Bailey (visited)

Altars:
Ashenzari
Cheibriados
Dithmenos
Fedhas
Gozag
Hepliaklqana
Kikubaaqudgha
Makhleb
Nemelex Xobeh
Okawaru
Qazlal
Ru
Sif Muna
Trog
Uskayaw
Vehumet
Wu Jian
Xom
Yredelemnul

Annotations:
D:9 3 runed translucent doors


Innate Abilities, Weirdness & Mutations

Spells you cast and wands you use may paralyse nearby enemies.
You have a small tail.


Message History

Aim: a two-headed ogre, wielding a +0 giant spiked club and a +0 giant club You draw life force from the two-headed ogre.
Malevolent energies surge around you.
The two-headed ogre hits you with a +0 giant spiked club!!
The two-headed ogre hits you with a +0 giant club!!
Casting: Vampiric Draining (safe; 1% risk of failure)
Confirm with . or Enter, or press ? or * to list all spells.
Aiming: Vampiric Draining (safe; 1% risk of failure)
Press: ? - help, Shift-Dir - straight line, f/p - two-headed ogre
Aim: a two-headed ogre, wielding a +0 giant spiked club and a +0 giant club (lightly wounded)
You draw life force from the two-headed ogre!
You feel life coursing into your body! Malevolent energies surge around you.
The two-headed ogre completely misses you.
The two-headed ogre misses you.
Casting: Vampiric Draining (safe; 1% risk of failure)
Confirm with . or Enter, or press ? or * to list all spells.
Aiming: Vampiric Draining (safe; 1% risk of failure)
Press: ? - help, Shift-Dir - straight line, f/p - two-headed ogre
Aim: a two-headed ogre, wielding a +0 giant spiked club and a +0 giant club (moderately wounded)
You draw life force from the two-headed ogre!
You feel life coursing into your body. Malevolent energies surge around you.
Casting: Vampiric Draining (safe; 1% risk of failure)
Confirm with . or Enter, or press ? or * to list all spells.
Aiming: Vampiric Draining (safe; 1% risk of failure)
Press: ? - help, Shift-Dir - straight line, f/p - two-headed ogre
Aim: a two-headed ogre, wielding a +0 giant spiked club and a +0 giant club (heavily wounded)
You draw life force from the two-headed ogre.
You feel life coursing into your body. Malevolent energies surge around you.
The two-headed ogre hits you with a +0 giant spiked club!
The two-headed ogre hits you with a +0 giant club!
* * * LOW HITPOINT WARNING * * *
Casting: Vampiric Draining (safe; 1% risk of failure)
Confirm with . or Enter, or press ? or * to list all spells.
Aiming: Vampiric Draining (safe; 1% risk of failure)
Press: ? - help, Shift-Dir - straight line, f/p - two-headed ogre
Aim: a two-headed ogre, wielding a +0 giant spiked club and a +0 giant club (severely wounded)
You draw life force from the two-headed ogre.
You feel life coursing into your body. Malevolent energies surge around you.
The two-headed ogre hits you with a +0 giant spiked club!
You die...

#.# #.### ##. #^.#
.. #.# #.. #.# #..
#.# #..#### #.#
#..... #.# #..O.# ##
#.# ###@# .###.#
##>#.#
..##.########....###
...................+
..##..#######....###
.###...# ......# ##
###.# #.######
######.# #. .#.#.#.#
#


You could see a two-headed ogre.

Vanquished Creatures
  A two-headed ogre (D:10)
  Pikel (D:9)
  A manticore (D:10)
  Maggie (D:9)
  Sigmund (D:4)
  2 wraiths (D:10)
  6 yaks (D:10)
  A wyvern (D:8)
  2 steam dragons
  A water moccasin (D:5)
  An acid dragon (D:9)
  An ice beast (D:7)
  9 orc warriors
  A sky beast (D:7)
  2 black bears
  2 ogres
  3 centaurs
  2 phantoms
  A kobold brigand (D:9)
  4 bullfrogs
  A gnoll sergeant (D:5)
  3 scorpions
  18 wights
  A water moccasin zombie (Ossuary)
  3 killer bees (D:10)
  5 howler monkeys
  2 bullfrog zombies (Ossuary)
  2 centaur zombies (Ossuary)
  A hound (D:5)
  2 gnoll boudas
  5 orc priests
  4 jellies
  10 orc wizards
  2 sleepcaps
  2 iguanas
  2 ogre zombies (Ossuary)
  Robin (D:4)
  12 gnolls
  5 adders
  6 white imps
  An ufetubus (D:6)
  An adder zombie (Ossuary)
  A worm (D:2)
  2 dart slugs
  56 orcs
  6 ball pythons
  4 endoplasms
  A giant cockroach (D:3)
  3 gnoll zombies (Ossuary)
  8 hobgoblins
  24 kobolds
  6 quokkas
  2 bats
  3 frilled lizards
  19 goblins
  7 goblin zombies
  2 hobgoblin zombies (Ossuary)
  3 orc zombies (Ossuary)
  A quokka zombie (D:8)
  6 rats
286 creatures vanquished.

Vanquished Creatures (collateral kills)
  An orc (D:6)
  A goblin (D:4)
  2 kobolds (Bailey)
4 creatures vanquished.

Vanquished Creatures (others)
  A quokka (D:5)
1 creature vanquished.

Grand Total: 291 creatures vanquished

Notes
Turn   | Place    | Note
-------+----------+-------------------------------------------
     0 | D:1      | thirtiethelement the Demonspawn Necromancer began the quest
                  | for the Orb.
     0 | D:1      | Reached XP level 1. HP: 13/13 MP: 3/3
   288 | D:1      | Gained mutation: Spells you cast may paralyse adjacent
                  | enemies. [demonic ancestry]
   288 | D:1      | Reached XP level 2. HP: 19/19 MP: 1/5
   352 | D:1      | Found a faded altar of an unknown god.
   603 | D:2      | Reached skill level 5 in Necromancy
   841 | D:2      | Reached XP level 3. HP: 24/24 MP: 3/6
  1338 | D:2      | Learned a level 3 spell: Vampiric Draining
  1957 | D:3      | Gained mutation: You have a small tail. [demonic ancestry]
  1957 | D:3      | Reached XP level 4. HP: 27/30 MP: 5/7
  2065 | D:4      | Found a hazy altar of Hepliaklqana.
  2079 | D:4      | Noticed Robin
  2123 | D:4      | Killed Robin
  2217 | D:4      | Noticed Sigmund
  2296 | D:4      | Noticed a phantom
  2304 | D:4      | Killed a phantom
  2305 | D:4      | Reached skill level 1 in Short Blades
  2305 | D:4      | Reached XP level 5. HP: 36/36 MP: 2/9
  2415 | D:4      | Noticed a +0 spear
  2415 | D:4      | Noticed a +0 dagger
  2415 | D:4      | Noticed a +0 falchion
  2415 | D:4      | Noticed a +0 dagger
  2416 | D:4      | Noticed a +0 short sword
  2417 | D:4      | Noticed a +0 short sword
  2417 | D:4      | Noticed a +0 falchion
  2419 | D:4      | Noticed a +0 spear
  2423 | D:4      | Found a hide-covered altar of Uskayaw.
  2823 | D:4      | Killed Sigmund
  2824 | D:4      | Reached skill level 1 in Armour
  2824 | D:4      | Reached XP level 6. HP: 42/42 MP: 6/11
  2892 | D:5      | Entered Level 5 of the Dungeon
  3015 | D:5      | Reached skill level 1 in Fighting
  3106 | D:5      | Noticed a water moccasin
  3110 | D:5      | Killed a water moccasin
  3111 | D:5      | Reached XP level 7. HP: 47/48 MP: 8/12
  3823 | D:5      | Reached skill level 5 in Stealth
  3823 | D:5      | Gained mutation: Spells you cast may paralyse nearby
                  | enemies. [demonic ancestry]
  3823 | D:5      | Reached XP level 8. HP: 54/54 MP: 10/14
  3902 | D:5      | Learned a level 1 spell: Freeze
  3906 | D:5      | Learned a level 3 spell: Confusing Touch
  3908 | D:5      | Learned a level 1 spell: Slow
  4328 | D:6      | Found the brooch of Shielding {Spirit SH+8}
  4443 | D:6      | Reached skill level 5 in Spellcasting
  4624 | D:6      | Learned a level 4 spell: Animate Dead
  4690 | D:6      | Found a sacrificial altar of Ru.
  4943 | D:6      | Found a shadowy altar of Dithmenos.
  4956 | D:6      | Found a broken altar of Ashenzari.
  5185 | D:7      | Reached XP level 9. HP: 49/60 MP: 11/17
  5376 | D:7      | Reached skill level 1 in Ice Magic
  5711 | D:7      | Found a flagged portal.
  5720 | Bailey   | Entered a bailey
  5826 | Bailey   | Reached skill level 1 in Shields
  5976 | D:7      | Found a staircase to the Ecumenical Temple.
  5984 | Temple   | Entered the Ecumenical Temple
  6017 | Temple   | Became a worshipper of Cheibriados the Contemplative
  6392 | D:8      | Found a bloodstained altar of Trog.
  6506 | D:8      | Reached XP level 10. HP: 28/67 MP: 0/22
  6697 | D:8      | Reached * piety under Cheibriados
  6729 | D:8      | Found a sparkling altar of Nemelex Xobeh.
  6827 | D:8      | Found a sand-covered staircase.
  6834 | Ossuary  | Entered an ossuary
  7093 | D:8      | Identified the +0 scale mail "Maokh" {Will+ Int+2}
  7605 | D:9      | Found a radiant altar of Vehumet.
  7741 | D:9      | Identified the +1 leather armour "Dotim" {rPois rF- Dex+2
                  | SInv}
  7811 | D:9      | Found a runed translucent gate.
  7811 | D:9      | Found a runed translucent gate.
  7811 | D:9      | Found a runed translucent gate.
  7811 | D:9      | Noticed a death yak
  7811 | D:9      | Noticed a manticore
  7812 | D:9      | Noticed a death yak
  7812 | D:9      | Noticed a death yak
  7812 | D:9      | Noticed a death yak
  7826 | D:9      | Reached ** piety under Cheibriados
  7874 | D:9      | Found a staircase to the Lair.
  8171 | D:9      | Identified the +9 chain mail of the Cicada {Slay+2}
  8171 | D:9      | Noticed Pikel
  8176 | D:9      | Noticed Maggie
  8180 | D:9      | Killed Pikel
  8187 | D:9      | Killed Maggie
  8360 | D:9      | Found a staircase to the Orcish Mines.
  8493 | D:10     | Entered Level 10 of the Dungeon
  8516 | D:10     | Noticed a manticore
  8524 | D:10     | Killed a manticore
  8764 | D:10     | Identified the +3 long sword "Demonbane" {heavy, *Corrode
                  | Fly rC+ Stlth+}
  8904 | D:10     | Gained mutation: Spells you cast and wands you use may
                  | paralyse nearby enemies. [demonic ancestry]
  8904 | D:10     | Reached XP level 11. HP: 60/74 MP: 24/24
  8984 | D:10     | Noticed a two-headed ogre
  8989 | D:10     | Killed a two-headed ogre
  9266 | D:10     | Found a stormy altar of Qazlal.
  9458 | D:11     | Identified the amulet "Axtoeri" {Acrobat rN+ Dex+3}
  9630 | D:11     | Noticed a two-headed ogre
  9635 | D:11     | Slain by a two-headed ogre

Illustrated notes

Levels and vault maps discovered:
D:1:      scummos_arrival_simple_fountains, layout_rooms,
          shapermc_ecumenical_altar_mp_ritualfount, minmay_distorted
D:2:      layout_loops_cross, kennysheep_doodads, minmay_fountain_box,
          grunt_decor_arrowhead
D:3:      minmay_chambers_of_twos, layout_rooms
D:4:      layout_basic, mainiacjoe_overflow_brackets, nicolae_uskayaw_en_pointe,
          chequers_serial_rivers_small_b, wad_floor_pattern_untrapped,
          uniq_sigmund, uniq_robin
D:5:      layout_basic, elyvilon_altar_4, chequers_serial_rivers_micro_d
D:6:      layout_basic, mainiacjoe_overflow_catwalk, minitemple,
          hangedman_glass_teeth
D:7:      minmay_angry_zag, layout_basic, minmay_temple_entry_glassed_door,
          enter_bailey_2, minmay_misc_feat_diagonals
D:8:      layout_loops_ring, mainiacjoe_overflow_six_doors_small,
          nemelex_diamond_rough_becter, enter_ossuary_4, special_room
          [special_room_orc]
D:9:      lemuel_bear_cage, layout_rooms, kennysheep_little_box,
          mainiacjoe_overflow_paths, lair_entry_dummy, uniq_pikel, uniq_maggie
D:10:     layout_basic, kennysheep_mini_moat
D:11:     layout_loops_corners, minmay_misc_feat_hallway,
          hangedman_abyss_or_decor_stagger
Temple:   bh_familiar_temple

Skill      XL: |  1  2  3  4  5  6  7  8  9 10 |
---------------+-------------------------------+-----
Necromancy     | 5 6 8 9 |  9.6
Stealth        | 2 3 4 5 6 7 9 |  9.4
Short Blades   | 1 2 3 |  3.6
Spellcasting   | 3 4 5 8 9 |  9.3
Armour         | 1 2 |  2.5
Fighting       | 1 2 |  2.7
Dodging        | 2 |  2.9
Ice Magic      | 1 2 |  2.4
Shields        | 1 |  1.4
Invocations    | |  0.5

Action                     |  1- 3 |  4- 6 |  7- 9 | 10-12 || total
---------------------------+-------+-------+-------+-------++-------
  Melee: Dagger            |    30 |    52 |   173 |   184 ||   439
         Tailslap          |       |     5 |    18 |    27 ||    50
         Punch             |       |       |     1 |     2 ||     3
   Cast: Necrotise         |    53 |    25 |    72 |     4 ||   154
         Vampiric Draining |       |     8 |    47 |    34 ||    89
         Freeze            |       |       |    30 |    61 ||    91
 Invoke: Bend Time         |       |       |       |     1 ||     1
    Use: Scroll            |       |       |    12 |     7 ||    19
         Potion            |       |       |       |     1 ||     1
   Stab: Sleeping          |     5 |     3 |     6 |    17 ||    31
         Paralysed         |    10 |    21 |    69 |    54 ||   154
 Armour: Robe              |     9 |       |       |       ||     9
         Leather armour    |     2 |    11 |    26 |    20 ||    59
         Steam dragon scal |       |       |    23 |    48 ||    71
  Dodge: Dodged            |    25 |    23 |    77 |   114 ||   239
  Block: Other             |       |       |    31 |    56 ||    87

Table legend: (Time is in decaauts)
 A = Elapsed time spent in this place.
 B = Non-inter-level travel time spent in this place.
 C = Inter-level travel time spent in this place.
 D = Time resting spent in this place.
 E = Time spent auto-exploring this place.
 F = Levels seen in this place.
 G = Mean time per level.
                   A        B        C        D        E       F      G
               +--------+--------+--------+--------+--------+-----+--------+
         Total |  10722 |  10534 |    188 |    537 |   6680 |  14 |  765.9 |
       Dungeon |  10173 |   9985 |    188 |    497 |   6680 |  11 |  924.8 |
        Temple |     61 |     61 |      0 |      0 |      0 |   1 |   61.0 |
       Ossuary |    243 |    243 |      0 |      0 |      0 |   1 |  243.0 |
        Bailey |    244 |    244 |      0 |     40 |      0 |   1 |  244.0 |
               +--------+--------+--------+--------+--------+-----+--------+

Top non-repeatable levels by time:
     D:8: 1376 daAuts
     D:5: 1370 daAuts
    D:10: 1317 daAuts
     D:9: 1120 daAuts
     D:6: 943 daAuts
     D:7: 852 daAuts
     D:4: 829 daAuts
     D:2: 809 daAuts
     D:3: 651 daAuts
     D:1: 599 daAuts
    D:11: 302 daAuts
  Bailey: 244 daAuts
 Ossuary: 243 daAuts
  Temple: 61 daAuts
